 Dungeon Crawl Stone Soup version 0.32-a0-163-g159c032296 (webtiles) character file.

Game seed: 9002789815389017748

22 horus123 the Trooper (level 2, -2/24 HPs)
             Began as a Demonspawn Fighter on Feb 12, 2024.
             Succumbed to a kobold's poison
             ... on level 1 of the Dungeon.
             The game lasted 00:00:56 (349 turns).

horus123 the Trooper (Demonspawn Fighter)            Turns: 349, Time: 00:00:57

Health: -2/24      AC:  6    Str: 16    XL:     2   Next: 68%
Magic:  2/2        EV:  8    Int:  8    God:
Gold:   53         SH:  4    Dex: 12    Spells: 1/1 levels left

rFire   . . .        a - +0 flail
rCold   . . .        c - +0 buckler
rNeg    . . .        b - +0 scale mail
rPois   .            (helmet restricted)
rElec   .            (no cloak)
rCorr   .            (no gloves)
SInv    .            (no boots)
Will    .....        (no amulet) Stlth
                     (no ring)
HPRegen 0.24/turn    (no ring)
MPRegen 0.08/turn

%: no passive effects
@: lethally poisoned (-2 -> -10)
A: antennae 1
a: no special abilities


You were on level 1 of the Dungeon.
You visited 1 branch of the dungeon, and saw 1 of its levels.

You collected 53 gold pieces.

Inventory:

Hand Weapons
 a - a +0 flail (weapon)
Armour
 b - a +0 scale mail (worn)
 c - a +0 buckler (worn)
Magical Staves
 f - a staff of earth
Scrolls
 e - 2 scrolls of brand weapon {unknown}
Potions
 d - a potion of might


   Skills:
 - Level 3.0 Fighting
 + Level 3.0 Maces & Flails
 - Level 2.6 Armour
 - Level 2.6 Shields


You had one spell level left.
You didn't know any spells.
Your spell library was empty.

Dungeon Overview and Level Annotations

Branches:
Dungeon (1/15)

Altars:


Innate Abilities, Weirdness & Mutations

You have a pair of small antennae on your head.


Message History

A bat comes into view.
You block the bat's attack. The kobold attacks as it pursues you!
The kobold hits you with a +0 short sword of venom.
You are poisoned.
You feel very sick. The kobold hits you but does no damage.
You feel sick. The bat barely misses you.
You feel sick.
You feel sick. The bat attacks as it pursues you!
The bat hits you but does no damage. The bat barely misses you.
The kobold attacks as it pursues you! The kobold hits you but does no damage.
You are more poisoned.
You feel very sick. The bat hits you but does no damage.
* * * LOW HITPOINT WARNING * * *
You feel sick.
A kobold comes into view. It is wielding a +0 club.
Okay, then.
You are too injured to fight recklessly!
You are too injured to fight recklessly!
You are too injured to fight recklessly!
You miss the kobold.
* * * LOW HITPOINT WARNING * * *
You feel sick.
The kobold shouts!
The kobold hits you with a +0 short sword of venom.
* * * LOW HITPOINT WARNING * * *
You barely miss the kobold.
* * * LOW HITPOINT WARNING * * *
You feel sick. The kobold barely misses you.
The kobold hits you but does no damage.
You are more poisoned.
You hit the kobold.
The kobold is severely wounded.
* * * LOW HITPOINT WARNING * * *
You feel very sick. The kobold closely misses you.
You closely miss the kobold.
The kobold is severely wounded.
You die...

...##..........##.#...#+#### .
###....#..# # ###.. #...
.##.....)...# ... ####
..........†.# ... #
#.........## .## ##
#.......#..## ###. #.
#.......#.br# ...... #.
#.......###K#.......#######. .
##.......###@................
..#........##........#......#..
...........#..#................
...........#.##................
...........K.##......#.........
...........#......†............
........>.........†..###.......
..........#.......)....#.......
.........##.............)..##..


You could see a quokka, a bat and 2 kobolds.

Vanquished Creatures
  3 ball pythons (D:1)
  An endoplasm (D:1)
  2 goblins (D:1)
  3 hobgoblins (D:1)
  A quokka (D:1)
  2 bats (D:1)
  A frilled lizard (D:1)
  3 kobolds (D:1)
  4 rats (D:1)
20 creatures vanquished.

Notes
Turn   | Place    | Note
-------+----------+-------------------------------------------
     0 | D:1      | horus123 the Demonspawn Fighter began the quest for the
                  | Orb.
     0 | D:1      | Reached XP level 1. HP: 18/18 MP: 1/1
   108 | D:1      | Gained mutation: You have a pair of small antennae on your
                  | head. [demonic ancestry]
   108 | D:1      | Reached XP level 2. HP: 17/24 MP: 2/2
   348 | D:1      | HP: 1/24 [poisoned by a kobold]
   349 | D:1      | Succumbed to a kobold's poison

Illustrated notes

Levels and vault maps discovered:
D:1:      dpeg_arrival_long_road, layout_rooms, minmay_stone_trees_small

Skill      XL: |  1  2 |
---------------+-------+-----
Maces & Flails | 2 3 |  3.0
Fighting       | |  3.0
Armour         | |  2.6
Shields        | |  2.6

Action                     || total
---------------------------++-------
  Melee: Flail             ||    71
 Armour: Scale mail        ||    69
  Dodge: Dodged            ||    46
  Block: Buckler           ||    20

Table legend: (Time is in decaauts)
 A = Elapsed time spent in this place.
 B = Non-inter-level travel time spent in this place.
 C = Inter-level travel time spent in this place.
 D = Time resting spent in this place.
 E = Time spent auto-exploring this place.
 F = Levels seen in this place.
 G = Mean time per level.
                   A        B        C        D        E       F      G
               +--------+--------+--------+--------+--------+-----+--------+
         Total |    370 |    370 |      0 |     54 |    153 |   1 |  370.0 |
       Dungeon |    370 |    370 |      0 |     54 |    153 |   1 |  370.0 |
               +--------+--------+--------+--------+--------+-----+--------+

Top non-repeatable levels by time:
     D:1: 370 daAuts
